 Dungeon Crawl Stone Soup version 0.31-a0-700-gf13585253f (webtiles) character file.

Game seed: 15800173306581220635

674 qw the Skirmisher (level 7, -6/43 HPs)
             Began as a Gargoyle Hunter on Sept 7, 2023.
             Mangled by Edmund
             ... wielding a +5 flail of protection
              (10 damage)
             ... on level 4 of the Dungeon.
             The game lasted 00:01:29 (3545 turns).

qw the Skirmisher (Gargoyle Hunter)                 Turns: 3545, Time: 00:01:30

Health: -6/43      AC: 11    Str: 14      XL:     7   Next: 59%
Magic:  7/7        EV: 11    Int:  9 (10) God:
Gold:   164        SH:  5    Dex: 21      Spells: 6/6 levels left

rFire   + . .        Y - +3 shortbow
rCold   . . .        (shield currently unavailable)
rNeg    + . .        d - +0 ring mail
rPois   inf          (no helmet)
rElec   +            (no cloak)
rCorr   .            (no gloves)
SInv    .            a - +0 pair of boots
Will    .....        e - amulet of reflection
Stlth   +            g - ring of protection from fire
HPRegen 0.27/turn    f - +6 ring of dexterity
MPRegen 0.10/turn

%: reflection
@: about to teleport
A: sickness immunity, AC +4, negative energy resistance 1, electricity
resistance, torment resistance 1, petrification resistance
a: no special abilities


You were on level 4 of the Dungeon.
You visited 2 branches of the dungeon, and saw 5 of its levels.

You collected 209 gold pieces.
You spent 45 gold pieces at shops.


Innate Abilities, Weirdness & Mutations

You are immune to sickness and miasma.
Your stone body is resilient. (AC +4)
You are immune to poison.
You resist negative energy. (rN+)
You are resistant to electric shocks. (rElec)
You are resistant to unholy torment.
You are immune to petrification.


   Skills:
 + Level 4.2 Fighting
 - Level 8.0 Ranged Weapons
 - Level 1.0 Armour
 - Level 2.2 Dodging
 - Level 1.1 Stealth


You had 6 spell levels left.
You didn't know any spells.
Your spell library was empty.

Inventory:

Hand Weapons
 Y - a +3 shortbow (weapon)
Armour
 a - a +0 pair of boots (worn)
 d - a +0 ring mail (worn)
Jewellery
 e - an amulet of reflection (around neck)
 f - a +6 ring of dexterity (right hand)
 g - a ring of protection from fire (left hand)
Scrolls
 b - a scroll of identify
Potions
 c - a potion of haste {unknown}
 h - a potion of curing
 i - a potion of might {unknown}
 l - a potion of ambrosia {unknown}

Dungeon Overview and Level Annotations

Branches:
Dungeon (4/15)             Temple (1/1) D:4

Altars:
Ashenzari
Cheibriados
Dithmenos
Fedhas
Hepliaklqana
Kikubaaqudgha
Makhleb
Nemelex Xobeh
Qazlal
Ru
Trog
Wu Jian
Zin

Shops:
D:2 [

Annotations:
D:3 1 runed translucent door, qw's ghost, amateur GrHu
D:4 Edmund


Message History

The arrow hits Edmund but does no damage.
Edmund is lightly wounded.
Edmund hits you with a +5 flail of protection. x2
You shoot an arrow.
The arrow hits Edmund but does no damage.
Edmund is lightly wounded.
You block Edmund's attack.
You shoot an arrow. The arrow hits Edmund.
Edmund is lightly wounded.
Edmund hits you but does no damage.
You shoot an arrow. The arrow barely misses Edmund.
Edmund hits you with a +5 flail of protection!
You shoot an arrow.
The arrow hits Edmund but does no damage.
Edmund is lightly wounded.
Edmund hits you with a +5 flail of protection!
You shoot an arrow.
The arrow hits Edmund but does no damage.
Edmund is lightly wounded.
Edmund hits you with a +5 flail of protection.
You shoot an arrow. The arrow hits Edmund!
Edmund is lightly wounded.
Edmund says, "People think my brother is the best.
I think he's crazy."
Edmund hits you with a +5 flail of protection.
3542 ||| READING scroll of teleportation.
As you read the scroll of teleportation, it crumbles to dust.
You feel strangely unstable. Edmund barely misses you.
You shoot an arrow.
The arrow hits Edmund but does no damage.
Edmund is lightly wounded.
Edmund hits you with a +5 flail of protection.
You shoot an arrow. The arrow hits Edmund.
Edmund is moderately wounded.
Edmund barely misses you.
You shoot an arrow. The arrow hits Edmund.
Edmund is moderately wounded.
Edmund hits you with a +5 flail of protection!
You die...
Edmund says, "That'll show my brother!"

..#.#.....#########..b.....[#
###.####### #.........# #
#...^...# ##.>.......#
#######.# ####.....####. #..
#.....#.## #.#.. #.#
#.#####.# #.#.### # #.#
#.....#.# #.#.#.. # #.#
.#########.#!# #.#.#.# # #.#
...(..@@.....# #.#.#.# # #.#
##########.### #.#.#.# # #.#
#.#######.#.#.# ###.##
#.............# .....######
#..)..###.#.###
###.......#########.....#
#.#.# #.................##.##
#.#.###
##..)....###########.#
#.#.... #..(.....##########.#
#.###..


You could see Edmund.

Vanquished Creatures
  Grinder (D:3)
  An ice beast (D:4)
  2 hounds (D:4)
  An orc wizard (D:4)
  Ijyb (D:3)
  2 iguanas (D:4)
  4 adders
  7 gnolls
  A worm (D:2)
  9 orcs
  10 bats
  10 endoplasms
  6 giant cockroaches
  9 goblins
  2 hobgoblins
  6 jackals
  6 quokkas
  7 ball pythons
  2 frilled lizards (D:1)
  11 kobolds
  5 rats
103 creatures vanquished.

Notes
Turn   | Place    | Note
-------+----------+-------------------------------------------
     0 | D:1      | qw the Gargoyle Hunter began the quest for the Orb.
     0 | D:1      | Reached XP level 1. HP: 12/12 MP: 1/1
     0 | D:1      | 0 ||| qw: Version: 0.3-a-76-g4403597
     0 | D:1      | 0 ||| qw: Game counter: 715
     0 | D:1      | 0 ||| qw: Melee chars always use a shield: true
     0 | D:1      | 0 ||| qw: God list: Okawaru
     0 | D:1      | 0 ||| qw: Allow faded altars: false
     0 | D:1      | 0 ||| qw: Do Orc after clearing Dungeon:15 true
     0 | D:1      | 0 ||| qw: Do second Lair branch before Depths: true
     0 | D:1      | 0 ||| qw: Lair rune preference: random
     0 | D:1      | 0 ||| qw: Goals: Normal
     0 | D:1      | 0 ||| PLANNING D:1-11
    53 | D:1      | You fall into a shaft and drop 1 floor!
    54 | D:2      | 54 ||| READING scroll labelled GUDWUE DUMEAJI.
    55 | D:2      | 55 ||| DROPPING scroll of butterflies.
    71 | D:1      | Reached XP level 2. HP: 12/17 MP: 2/2
   248 | D:1      | 248 ||| Stepping ~*~*~tactically~*~*~ (retreating).
   249 | D:1      | 249 ||| Stepping ~*~*~tactically~*~*~ (retreating).
   250 | D:1      | 250 ||| Stepping ~*~*~tactically~*~*~ (retreating).
   252 | D:1      | 252 ||| Stepping ~*~*~tactically~*~*~ (retreating).
   274 | D:1      | Reached XP level 3. HP: 15/21 MP: 3/3
   378 | D:1      | Reached skill level 5 in Ranged Weapons
   804 | D:1      | 804 ||| UPGRADING to +0 ring mail.
   814 | D:1      | 814 ||| DROPPING +0 leather armour.
   815 | D:1      | 815 ||| UPGRADING to ring of protection from fire.
   816 | D:1      | 816 ||| READING scroll labelled LIRICAFIHE.
   817 | D:1      | 817 ||| READING scroll labelled ENEACO SOPP.
   818 | D:1      | 818 ||| READING scroll labelled DUESEGR XINKIO.
   823 | D:1      | 823 ||| READING scroll labelled LYMPUCS FONO.
   865 | D:2      | Reached skill level 1 in Armour
   874 | D:2      | Found Italecat's Armour Boutique.
   883 | D:2      | 883 ||| BUYING +0 pair of boots (45 gold).
   883 | D:2      | Bought a +0 pair of boots for 45 gold pieces
   883 | D:2      | 883 ||| SHOPLISTING +2 helmet of intelligence (215 gold,
                  | have 18).
   883 | D:2      | 883 ||| SHOPLISTING +2 ring mail of fire resistance (210
                  | gold, have 18).
  1019 | D:2      | Reached XP level 4. HP: 18/27 MP: 4/4
  1072 | D:2      | Reached skill level 3 in Fighting
  1167 | D:2      | Found a faded altar of an unknown god.
  1479 | D:2      | 1479 ||| UPGRADING to +0 pair of boots.
  1484 | D:2      | 1484 ||| UPGRADING to +6 ring of dexterity.
  1485 | D:2      | 1485 ||| READING scroll labelled PAUSTE PUWOM.
  1619 | D:3      | Noticed Ijyb
  1635 | D:3      | Killed Ijyb
  1636 | D:3      | Reached XP level 5. HP: 11/32 MP: 5/5
  1757 | D:3      | Noticed Grinder
  1759 | D:3      | Paralysed by Grinder for 4 turns
  1795 | D:3      | Killed Grinder
  1796 | D:3      | Reached skill level 7 in Ranged Weapons
  1796 | D:3      | Reached XP level 6. HP: 24/37 MP: 6/6
  2306 | D:3      | Found a runed translucent door.
  2306 | D:3      | Noticed qw's ghost (amateur GrHu)
  2306 | D:3      | Noticed a sky beast
  2721 | D:3      | 2721 ||| READING 2 scrolls labelled TIVVEH LUGOHE.
  2722 | D:3      | 2722 ||| READING scroll of enchant weapon.
  2722 | D:3      | 2722 ||| ENCHANTING +1 shortbow.
  2723 | D:3      | 2723 ||| DRINKING 2 brown potions.
  2724 | D:3      | 2724 ||| DROPPING scroll of immolation.
  2725 | D:3      | 2725 ||| DROPPING potion of degeneration.
  2827 | D:4      | Reached XP level 7. HP: 29/43 MP: 7/7
  2912 | D:4      | 2912 ||| READING scroll of enchant weapon.
  2912 | D:4      | 2912 ||| ENCHANTING +2 shortbow.
  3254 | D:4      | Reached skill level 8 in Ranged Weapons
  3416 | D:4      | Found a staircase to the Ecumenical Temple.
  3417 | D:4      | 3417 ||| PLANNING TEMPLE
  3417 | D:4      | 3417 ||| UPGRADING to amulet of reflection.
  3422 | D:4      | 3422 ||| READING scroll labelled VAXUTW CUXTIB.
  3423 | D:4      | 3423 ||| DRINKING 2 amethyst potions.
  3424 | D:4      | 3424 ||| READING 2 scrolls of identify.
  3424 | D:4      | 3424 ||| IDENTIFYING fuming pink potion
  3425 | D:4      | 3425 ||| DROPPING potion of berserk rage.
  3432 | Temple   | Found a transporter.
  3432 | Temple   | Found a transporter.
  3432 | Temple   | Found a transporter.
  3432 | Temple   | Found a transporter.
  3432 | Temple   | Entered the Ecumenical Temple
  3433 | Temple   | 3433 ||| PLANNING D:1-11
  3529 | D:4      | Noticed Edmund
  3541 | D:4      | HP: 6/43 [Edmund/+5 flail of protection (5)]
  3542 | D:4      | 3542 ||| READING scroll of teleportation.
  3545 | D:4      | Mangled by Edmund

Levels and vault maps discovered:
D:1:      lightli_arrival_isolated_outpost, layout_loops_ring, minmay_3d_cube
D:2:      layout_basic, ebering_ecumenical_altar_rust, serial_shops, shop,
          serial_curves, eino_curves_01, eino_curves_04,
          chequers_serial_rivers_micro_c
D:3:      layout_basic, ebering_ghost_inner_flame, uniq_grinder, uniq_ijyb
D:4:      layout_basic, minmay_temple_entry_butterflies,
          kennysheep_generic_room_2, uniq_edmund
Temple:   hellmonk_temple_divided_pantheon

Skill      XL: |  1  2  3  4  5  6  7 |
---------------+----------------------+-----
Ranged Weapons | 5 7 8 |  8.0
Armour         | 1 |  1.0
Fighting       | 3 4 |  4.2
Dodging        | 2 |  2.2
Stealth        | |  1.1

Action                     |  1- 3 |  4- 6 |  7- 9 || total
---------------------------+-------+-------+-------++-------
   Fire: Shortbow          |   125 |   165 |    79 ||   369
    Use: Scroll            |     5 |     3 |     4 ||    12
         Potion            |       |     1 |     1 ||     2
 Armour: Leather armour    |    54 |       |       ||    54
         Ring mail         |    18 |    78 |    23 ||   119
  Dodge: Dodged            |    71 |    44 |    12 ||   127
  Block: Other             |       |       |     2 ||     2

Table legend:
 A = Non-vault XP
 B = Vault XP
 C = Vault XP percentage of total XP
 D = Non-vault monster count
 E = Vault monster count
 F = Vault count percentage of total count
                 A         B        C        D         E       F
            +---------+---------+-------+---------+---------+-------
      Total |     622 |     342 |  35.5 |      94 |       9 |   8.7
            +---------+---------+-------+---------+---------+-------
        D:1 |      41 |       8 |  16.3 |      26 |       5 |  16.1
        D:2 |      67 |       0 |   0.0 |      23 |       0 |   0.0
        D:3 |      98 |     330 |  77.1 |      19 |       2 |   9.5
        D:4 |     416 |       4 |   1.0 |      26 |       2 |   7.1
            +---------+---------+-------+---------+---------+-------
